| TOP OF THE 1ST |
|
Bristol Pirates batting - Pitching for San Francisco (APP) Giants : RHP Ryan Hoagland
|
|
Pitching: RHP Ryan Hoagland
|
|
|
Batting: RHB Perry Dominey
|
0-0: Ball 1-0: Foul Ball, location: 2F 1-1: Ball 2-1: Ground out 6-3 (Groundball, 6M, EV 105.0 MPH)
|
|
Batting: RHB Randy Bergman
|
0-0: Called Strike 0-1: Swinging Strike 0-2: Ball 1-2: Ball 2-2: Strikes out swinging, 2-3 out at first.
|
|
Batting: LHB Randy Boone
|
0-0: Swinging Strike 0-1: DOUBLE (Line Drive, 7LS, EV 95.0 MPH)
|
|
Batting: RHB Etsuro Hosokawa
|
0-0: Called Strike 0-1: Foul Ball, location: 2F 0-2: Strikes out swinging, 2-3 out at first.
|
| Top of the 1st over - 0 runs, 1 hit, 0 errors, 1 left on base; Bristol 0 - San Francisco (APP) 0 |
| BOTTOM OF THE 1ST |
|
San Francisco (APP) Giants batting - Pitching for Bristol Pirates : LHP Hujime Ishida
|
|
Pitching: LHP Hujime Ishida
|
|
|
Batting: RHB Bill Defazio
|
0-0: Called Strike 0-1: Called Strike 0-2: Ball 1-2: Foul Ball, location: 2F 1-2: Ball 2-2: Strikes out looking
|
|
Batting: RHB Frank Pena
|
0-0: Foul Ball, location: 2F 0-1: Ground out 6-3 (Groundball, 6, EV 99.4 MPH)
|
|
Batting: SHB David Barona
|
0-0: Ball 1-0: Swinging Strike 1-1: Ball 2-1: Foul Ball, location: 2F 2-2: Foul Ball, location: 2F 2-2: Foul Ball, location: 2F 2-2: Foul Ball, location: 2F 2-2: Foul Ball, location: 2F 2-2: Strikes out swinging
|
| Bottom of the 1st over - 0 runs, 0 hits, 0 errors, 0 left on base; Bristol 0 - San Francisco (APP) 0 |
| TOP OF THE 2ND |
|
Bristol Pirates batting - Pitching for San Francisco (APP) Giants : RHP Ryan Hoagland
|
|
Batting: LHB Tomohiro Yokoyama
|
0-0: Ball 1-0: Ball 2-0: Ground out 4-3 (Groundball, 4, EV 100.0 MPH)
|
|
Batting: RHB Jaime Dubicki
|
0-0: Foul Ball, location: 2F 0-1: Ball 1-1: Ball 2-1: Fly out, F7 (Flyball, 78D, EV 85.0 MPH)
|
|
Batting: LHB Ruben Garza
|
0-0: Ball 1-0: Ball 2-0: Swinging Strike 2-1: Called Strike 2-2: Ball 3-2: Base on Balls
|
|
Batting: RHB Andrew DeRicco
|
0-0: Ball 1-0: Called Strike 1-1: Ball 2-1: Foul Ball, location: 2F 2-2: Ball 3-2: Ground out 4-3 (Groundball, 4, EV 95.6 MPH)
|
| Top of the 2nd over - 0 runs, 0 hits, 0 errors, 1 left on base; Bristol 0 - San Francisco (APP) 0 |
| BOTTOM OF THE 2ND |
|
San Francisco (APP) Giants batting - Pitching for Bristol Pirates : LHP Hujime Ishida
|
|
Batting: RHB Edwin Verdugo
|
0-0: Ball 1-0: Ball 2-0: Ball 3-0: Base on Balls
|
|
Batting: RHB Dinand Brouwer
|
0-0: Ball 1-0: Foul Ball, location: 2F 1-1: Called Strike 1-2: Foul Ball, location: 2F 1-2: Ball 2-2: SINGLE (Line Drive, 34, EV 103.1 MPH) Edwin Verdugo to second
|
|
Batting: RHB Teruhide Horiuchi
|
0-0: DOUBLE (Line Drive, 78D, EV 111.9 MPH) Edwin Verdugo scores Dinand Brouwer to third
|
|
Pinch Runner at 2nd Alexis Andrade:
|
|
|
Batting: RHB Jeremy Bailey
|
0-0: Called Strike 0-1: Ball 1-1: Ground out U3 (Groundball, 3, EV 86.2 MPH)
|
|
Batting: RHB Ed Broomhead
|
0-0: Ball 1-0: Called Strike 1-1: Ball 2-1: Foul Ball, location: 2F 2-2: Foul Ball, location: 2F 2-2: Ground out 6-3 (Groundball, 56, EV 105.6 MPH) Dinand Brouwer scores
|
|
Batting: RHB Pedro Quezada
|
0-0: Ground out U3 (Groundball, 3, EV 96.9 MPH)
|
| Bottom of the 2nd over - 2 runs, 2 hits, 0 errors, 1 left on base; Bristol 0 - San Francisco (APP) 2 |
| TOP OF THE 3RD |
|
Bristol Pirates batting - Pitching for San Francisco (APP) Giants : RHP Ryan Hoagland
|
|
Now at SS: Alexis Andrade
|
|
|
Now in CF: Bill Defazio
|
|
|
Batting: RHB Rob Colley
|
0-0: Ball 1-0: Called Strike 1-1: Reached on error, E3 (Groundball, 3, EV 86.2 MPH)
|
|
Batting: RHB Perry Dominey
|
0-0: Ball 1-0: Ball 2-0: Ball 3-0: Base on Balls Rob Colley to second
|
|
Batting: RHB Randy Bergman
|
0-0: DOUBLE (Flyball, 8LXD, EV 110.0 MPH) Rob Colley scores Perry Dominey to third
|
|
Batting: LHB Randy Boone
|
0-0: Ball 1-0: Foul Ball, location: 2F 1-1: Fly out, F8 (Line Drive, 8RD, EV 105.0 MPH) Runner from 3rd tags up, SCORES, no throw by CF
|
|
Batting: RHB Etsuro Hosokawa
|
0-0: Ball 1-0: Ground out 6-3 (Groundball, 6D, EV 106.2 MPH)
|
|
Batting: LHB Tomohiro Yokoyama
|
0-0: Foul Ball, location: 2F 0-1: Ball 1-1: Foul Ball, location: 2F 1-2: Foul Ball, location: 2F 1-2: Foul Ball, location: 2F 1-2: Foul Ball, location: 2F 1-2: SINGLE (Groundball, 34D, EV 95.0 MPH) Randy Bergman to third Runner from 3rd tries for Home, SAFE, throw by RF to home
|
|
Batting: RHB Jaime Dubicki
|
0-0: Ball 1-0: Ball Passed Ball! Tomohiro Yokoyama to second 2-0: Swinging Strike 2-1: Ball 3-1: Foul Ball, location: 2F 3-2: Base on Balls
|
|
Batting: LHB Ruben Garza
|
0-0: Ball Balk! Tomohiro Yokoyama to third Jaime Dubicki to second 1-0: Ball 2-0: Ball 3-0: Base on Balls
|
|
Batting: RHB Andrew DeRicco
|
0-0: Fielders Choice at 2nd, 6-4 (Groundball, 6, EV 98.8 MPH)
|
| Top of the 3rd over - 3 runs, 2 hits, 1 error, 3 left on base; Bristol 3 - San Francisco (APP) 2 |
| BOTTOM OF THE 3RD |
|
San Francisco (APP) Giants batting - Pitching for Bristol Pirates : LHP Hujime Ishida
|
|
Batting: RHB Bill Defazio
|
0-0: Ball 1-0: Ball 2-0: Called Strike 2-1: Foul Ball, location: 2F 2-2: Ball 3-2: DOUBLE (Line Drive, 78XD, EV 104.4 MPH)
|
|
Batting: RHB Frank Pena
|
0-0: Called Strike Bill Defazio steals 3rd base 0-1: Ball 1-1: Foul Ball, location: 2F 1-2: Foul Ball, location: 2F 1-2: Foul Ball, location: 2F 1-2: Foul Ball, location: 2F 1-2: Ball 2-2: Ball 3-2: Fly out, F8 (Flyball, 89D, EV 96.2 MPH) Runner from 3rd tags up, SCORES, throw by CF
|
|
Batting: SHB David Barona
|
0-0: Ball 1-0: Swinging Strike 1-1: Ball 2-1: Foul Ball, location: 2F 2-2: Ball 3-2: Base on Balls
|
|
Batting: RHB Edwin Verdugo
|
0-0: Called Strike 0-1: Ball 1-1: Hit by Pitch David Barona to second
|
|
Batting: RHB Dinand Brouwer
|
0-0: Ball David Barona steals 3rd base 1-0: Called Strike 1-1: Called Strike Edwin Verdugo is caught stealing 2nd base 2-4 1-2: Ball 2-2: Strikes out swinging
|
| Bottom of the 3rd over - 1 run, 1 hit, 0 errors, 1 left on base; Bristol 3 - San Francisco (APP) 3 |
| TOP OF THE 4TH |
|
Bristol Pirates batting - Pitching for San Francisco (APP) Giants : RHP Ryan Hoagland
|
|
Batting: RHB Rob Colley
|
0-0: Ground out 5-3 (Groundball, 56S, EV 93.1 MPH)
|
|
Batting: RHB Perry Dominey
|
0-0: Ball 1-0: SINGLE (Groundball, 6D, EV 103.1 MPH)
|
|
Batting: RHB Randy Bergman
|
0-0: Ball 1-0: Ball 2-0: Swinging Strike 2-1: Ball 3-1: Base on Balls Perry Dominey to second
|
|
Batting: LHB Randy Boone
|
0-0: Ball 1-0: Called Strike 1-1: Fielders Choice at 2nd, 6-4 (Groundball, 6, EV 86.2 MPH) Perry Dominey to third
|
|
Batting: RHB Etsuro Hosokawa
|
0-0: Ball 1-0: Ball Randy Boone is caught stealing 2nd base 2-4
|
| Top of the 4th over - 0 runs, 1 hit, 0 errors, 1 left on base; Bristol 3 - San Francisco (APP) 3 |
| BOTTOM OF THE 4TH |
|
San Francisco (APP) Giants batting - Pitching for Bristol Pirates : LHP Hujime Ishida
|
|
Batting: RHB Alexis Andrade
|
0-0: Ground out 6-3 (Groundball, 56D, EV 84.4 MPH)
|
|
Batting: RHB Jeremy Bailey
|
0-0: Called Strike 0-1: Swinging Strike 0-2: Ball 1-2: Strikes out swinging
|
|
Batting: RHB Ed Broomhead
|
0-0: Swinging Strike 0-1: Ball 1-1: Ground out 2-3 (Groundball, 2R, EV 73.8 MPH)
|
| Bottom of the 4th over - 0 runs, 0 hits, 0 errors, 0 left on base; Bristol 3 - San Francisco (APP) 3 |
| TOP OF THE 5TH |
|
Bristol Pirates batting - Pitching for San Francisco (APP) Giants : RHP Ryan Hoagland
|
|
Batting: RHB Etsuro Hosokawa
|
0-0: Called Strike 0-1: Ball 1-1: Ball 2-1: Ball 3-1: Base on Balls
|
|
Batting: LHB Tomohiro Yokoyama
|
0-0: Ball 1-0: Called Strike 1-1: Ball 2-1: 2-RUN HOME RUN (Line Drive, 9LD, EV 93.8 MPH), Distance : 351 ft
|
|
Batting: RHB Jaime Dubicki
|
0-0: Called Strike 0-1: Ground out 5-3 (Groundball, 56S, EV 84.4 MPH)
|
|
Batting: LHB Ruben Garza
|
0-0: Foul Ball, location: 2F 0-1: Fly out, F9 (Flyball, 9LM, EV 83.1 MPH)
|
|
Batting: RHB Andrew DeRicco
|
0-0: Ball 1-0: Ball 2-0: Foul Ball, location: 2F 2-1: Foul Ball, location: 2F 2-2: Foul Ball, location: 2F 2-2: Foul Ball, location: 2F 2-2: SINGLE (Groundball, 56D, EV 104.4 MPH)
|
|
Batting: RHB Rob Colley
|
0-0: Ball Wild Pitch! Andrew DeRicco to second 1-0: Ball 2-0: Ball 3-0: Base on Balls
|
|
Pitching: RHP Corey Cauley
|
|
|
Batting: RHB Perry Dominey
|
0-0: Foul Ball, location: 2F 0-1: Ball 1-1: Foul Ball, location: 2F 1-2: Foul Ball, location: 2F 1-2: Ball 2-2: SINGLE (Groundball, 4D, EV 98.1 MPH) Andrew DeRicco to third Rob Colley to second Runner from 3rd tries for Home, SAFE, throw by RF to home
|
|
Batting: RHB Randy Bergman
|
0-0: Ball 1-0: Fielders Choice at 2nd, 6-4 (Groundball, 6, EV 81.2 MPH)
|
| Top of the 5th over - 3 runs, 3 hits, 0 errors, 2 left on base; Bristol 6 - San Francisco (APP) 3 |
| BOTTOM OF THE 5TH |
|
San Francisco (APP) Giants batting - Pitching for Bristol Pirates : LHP Hujime Ishida
|
|
Batting: RHB Pedro Quezada
|
0-0: Foul Ball, location: 2F 0-1: Ground out 5-3 (Groundball, 56, EV 81.2 MPH)
|
|
Batting: RHB Bill Defazio
|
0-0: Called Strike 0-1: Ground out 4-3 (Groundball, 4MS, EV 66.9 MPH)
|
|
Batting: RHB Frank Pena
|
0-0: Ball 1-0: SINGLE (Groundball, 4M, EV 89.4 MPH) (infield hit)
|
|
Batting: SHB David Barona
|
0-0: Swinging Strike 0-1: Called Strike 0-2: Ball 1-2: Foul Ball, location: 2F 1-2: Strikes out swinging
|
| Bottom of the 5th over - 0 runs, 1 hit, 0 errors, 1 left on base; Bristol 6 - San Francisco (APP) 3 |
| TOP OF THE 6TH |
|
Bristol Pirates batting - Pitching for San Francisco (APP) Giants : RHP Corey Cauley
|
|
Batting: LHB Randy Boone
|
0-0: Ball 1-0: Ball 2-0: Ball 3-0: Called Strike 3-1: Called Strike 3-2: Ground out 4-3 (Groundball, 4, EV 108.8 MPH)
|
|
Batting: RHB Etsuro Hosokawa
|
0-0: Ball 1-0: Ball 2-0: Swinging Strike 2-1: Ball 3-1: SOLO HOME RUN (Flyball, 78XD, EV 115.6 MPH), Distance : 436 ft
|
|
Batting: LHB Tomohiro Yokoyama
|
0-0: Foul Ball, location: 2F 0-1: Foul Ball, location: 2F 0-2: Ball 1-2: Fly out, F5 (Line Drive, 5, EV 73.8 MPH)
|
|
Batting: RHB Jaime Dubicki
|
0-0: Foul Ball, location: 2F 0-1: Called Strike 0-2: Ball 1-2: Foul Ball, location: 2F 1-2: Foul Ball, location: 2F 1-2: Foul Ball, location: 2F 1-2: Foul Ball, location: 2F 1-2: Ground out 6-3 (Groundball, 6M, EV 101.9 MPH)
|
| Top of the 6th over - 1 run, 1 hit, 0 errors, 0 left on base; Bristol 7 - San Francisco (APP) 3 |
| BOTTOM OF THE 6TH |
|
San Francisco (APP) Giants batting - Pitching for Bristol Pirates : LHP Hujime Ishida
|
|
Batting: RHB Edwin Verdugo
|
0-0: Ball 1-0: Foul Ball, location: 2F 1-1: Ball 2-1: Called Strike 2-2: Ball 3-2: Foul Ball, location: 2F 3-2: Foul Ball, location: 2F 3-2: Strikes out looking
|
|
Batting: RHB Dinand Brouwer
|
0-0: Called Strike 0-1: Ball 1-1: Ball 2-1: Ball 3-1: Ground out 5-3 (Groundball, 56, EV 81.2 MPH)
|
|
Batting: RHB Alexis Andrade
|
0-0: Ball 1-0: Foul Ball, location: 2F 1-1: Foul Ball, location: 2F 1-2: Ball 2-2: Ball 3-2: Foul Ball, location: 2F 3-2: Hit by Pitch
|
|
Pitching: LHP Norm Silveira-Wray
|
|
|
Batting: RHB Jeremy Bailey
|
0-0: Foul Ball, location: 2F 0-1: Called Strike 0-2: Foul Ball, location: 2F 0-2: Ball 1-2: Foul Ball, location: 2F 1-2: Ground out 4-3 (Groundball, 34, EV 105.0 MPH)
|
| Bottom of the 6th over - 0 runs, 0 hits, 0 errors, 1 left on base; Bristol 7 - San Francisco (APP) 3 |
| TOP OF THE 7TH |
|
Bristol Pirates batting - Pitching for San Francisco (APP) Giants : RHP Corey Cauley
|
|
Pitching: LHP Gil Longoria
|
|
|
Batting: LHB Ruben Garza
|
0-0: Ball 1-0: Foul Ball, location: 2F 1-1: Ball 2-1: Foul Ball, location: 2F 2-2: Ball 3-2: Strikes out swinging
|
|
Batting: RHB Andrew DeRicco
|
0-0: Ground out U3 (Groundball, 34S, EV 85.6 MPH)
|
|
Batting: RHB Rob Colley
|
0-0: Called Strike 0-1: Fly out, F9 (Flyball, 9S, EV 86.9 MPH)
|
| Top of the 7th over - 0 runs, 0 hits, 0 errors, 0 left on base; Bristol 7 - San Francisco (APP) 3 |
| BOTTOM OF THE 7TH |
|
San Francisco (APP) Giants batting - Pitching for Bristol Pirates : LHP Norm Silveira-Wray
|
|
Pitching: RHP Hugo Rodriguez
|
|
|
Batting: RHB Ed Broomhead
|
0-0: Ball 1-0: Ball 2-0: Ball 3-0: Called Strike 3-1: Ground out 6-3 (Groundball, 6M, EV 91.9 MPH)
|
|
Batting: RHB Pedro Quezada
|
0-0: Ball 1-0: Foul Ball, location: 2F 1-1: Called Strike 1-2: Ground out 5-3 (Groundball, 56S, EV 86.2 MPH)
|
|
Batting: RHB Bill Defazio
|
0-0: Called Strike 0-1: Swinging Strike 0-2: Ball 1-2: Strikes out swinging
|
| Bottom of the 7th over - 0 runs, 0 hits, 0 errors, 0 left on base; Bristol 7 - San Francisco (APP) 3 |
| TOP OF THE 8TH |
|
Bristol Pirates batting - Pitching for San Francisco (APP) Giants : LHP Gil Longoria
|
|
Pitching: LHP Mark Gregor
|
|
|
Batting: RHB Perry Dominey
|
0-0: Called Strike 0-1: Ball 1-1: Ball 2-1: Swinging Strike 2-2: Ball 3-2: Base on Balls
|
|
Batting: RHB Randy Bergman
|
0-0: Ball Wild Pitch! Perry Dominey to second 1-0: Ball 2-0: Swinging Strike 2-1: Called Strike 2-2: Ball Passed Ball! Perry Dominey to third 3-2: Strikes out swinging
|
|
Batting: LHB Randy Boone
|
0-0: Ball Passed Ball! Perry Dominey scores 1-0: Called Strike 1-1: Ball 2-1: Ground out 3-1 (Groundball, 13, EV 83.1 MPH)
|
|
Batting: RHB Etsuro Hosokawa
|
0-0: Foul Ball, location: 2F 0-1: Ball 1-1: Called Strike 1-2: Foul Ball, location: 2F 1-2: Fly out, F7 (Flyball, 7S, EV 90.6 MPH)
|
| Top of the 8th over - 1 run, 0 hits, 0 errors, 0 left on base; Bristol 8 - San Francisco (APP) 3 |
| BOTTOM OF THE 8TH |
|
San Francisco (APP) Giants batting - Pitching for Bristol Pirates : RHP Hugo Rodriguez
|
|
Batting: RHB Frank Pena
|
0-0: Swinging Strike 0-1: Ball 1-1: Ball 2-1: Foul Ball, location: 2F 2-2: Reached on error, E5 (Groundball, 56, EV 86.2 MPH)
|
|
Batting: SHB David Barona
|
0-0: Called Strike 0-1: Ball 1-1: Fielders Choice at 2nd, 6-4 (Groundball, 6, EV 91.2 MPH)
|
|
Batting: RHB Edwin Verdugo
|
0-0: 2-RUN HOME RUN (Flyball, 9LD, EV 96.9 MPH), Distance : 354 ft
|
|
Batting: RHB Dinand Brouwer
|
0-0: Ball 1-0: Called Strike 1-1: Ground out 4-3 (Groundball, 34, EV 80.0 MPH)
|
|
Batting: RHB Alexis Andrade
|
0-0: Foul Ball, location: 2F 0-1: Ball 1-1: Swinging Strike 1-2: Strikes out looking
|
| Bottom of the 8th over - 2 runs, 1 hit, 1 error, 0 left on base; Bristol 8 - San Francisco (APP) 5 |
| TOP OF THE 9TH |
|
Bristol Pirates batting - Pitching for San Francisco (APP) Giants : LHP Mark Gregor
|
|
Pitching: RHP Filip Nebylitsin
|
|
|
Batting: LHB Tomohiro Yokoyama
|
0-0: Ball 1-0: Ball 2-0: Ball 3-0: Base on Balls
|
|
Batting: RHB Jaime Dubicki
|
0-0: Bunted foul 0-1: Bunted foul 0-2: Ball 1-2: TRIPLE (Line Drive, 89XD, EV 106.2 MPH) Tomohiro Yokoyama scores
|
|
Batting: LHB Ruben Garza
|
0-0: Hit by Pitch
|
|
Batting: RHB Andrew DeRicco
|
0-0: Called Strike 0-1: Fly out, F8 (Flyball, 8RD, EV 98.8 MPH) Runner from 3rd tags up, SCORES, throw by CF
|
|
Batting: RHB Rob Colley
|
0-0: Called Strike Ruben Garza is caught stealing 2nd base 2-4 0-1: Ground out 5-3 (Groundball, 56, EV 85.0 MPH)
|
| Top of the 9th over - 2 runs, 1 hit, 0 errors, 0 left on base; Bristol 10 - San Francisco (APP) 5 |
| BOTTOM OF THE 9TH |
|
San Francisco (APP) Giants batting - Pitching for Bristol Pirates : RHP Hugo Rodriguez
|
|
Pitching: LHP Phil DeCamp
|
|
|
Batting: RHB Jeremy Bailey
|
0-0: Ball 1-0: Swinging Strike 1-1: Ground out 4-3 (Groundball, 4, EV 100.0 MPH)
|
|
Batting: RHB Ed Broomhead
|
0-0: Ball 1-0: Ball 2-0: Called Strike 2-1: Ball 3-1: Base on Balls
|
|
Batting: RHB Pedro Quezada
|
0-0: Ball 1-0: Ball 2-0: Called Strike 2-1: Ball 3-1: Fly out, F9 (Line Drive, 89S, EV 91.9 MPH)
|
|
Batting: RHB Bill Defazio
|
0-0: Called Strike 0-1: Ball 1-1: Ball 2-1: Ball 3-1: Base on Balls Ed Broomhead to second
|
|
Batting: RHB Frank Pena
|
0-0: Ball 1-0: Foul Ball, location: 2F 1-1: Ball 2-1: Ball 3-1: Ground out 4-3 (Groundball, 4, EV 103.8 MPH)
|
| Bottom of the 9th over - 0 runs, 0 hits, 0 errors, 2 left on base; Bristol 10 - San Francisco (APP) 5 |
|